 Dungeon Crawl Stone Soup version 0.22.1-1-ga44c0e5 (webtiles) character file.

1670 Fang the Cleaver (level 9, -2/55 HPs)
             Began as a Gargoyle Berserker on Oct 3, 2018.
             Was an Elder of Trog.
             Slain by an orc warrior
             ... wielding a +0 battleaxe
              (22 damage)
             ... on level 7 of the Dungeon.
             The game lasted 00:08:05 (6210 turns).

Fang the Cleaver (Gargoyle Berserker)               Turns: 6210, Time: 00:08:06

Health: -2/55      AC: 18    Str: 23    XL:     9   Next: 1%
Magic:  9/9        EV:  8    Int:  9    God:    Trog [****..]
Gold:   247        SH:  0    Dex: 12    Spells: 8/8 levels left

rFire    . . .     SeeInvis .   a - +0 hand axe
rCold    . . .     Gourm    .   (no shield)
rNeg     + . .     Faith    .   r - +0 plate armour
rPois    ∞         Spirit   .   (no helmet)
rElec    +         Reflect  .   k - scarf {repulsion}
rCorr    .         Harm     .   (no gloves)
MR       +....                  (no boots)
Stlth    ..........             D - amulet of the acrobat
HPRegen  0.18/turn              A - +3 ring of dexterity
MPRegen  0.11/turn              C - ring of protection from magic

@: berserk cooldown, slowed, repel missiles, very slow
A: negative energy resistance 1, electricity resistance, unbreathing,
petrification resistance, rot immunity, AC +6
a: Berserk, Trog's Hand, Brothers in Arms, Renounce Religion


You were on level 7 of the Dungeon.
You worshipped Trog.
Trog was greatly pleased with you.
You were hungry.

You visited 2 branches of the dungeon, and saw 8 of its levels.

You collected 247 gold pieces.

Inventory:

Hand Weapons
 a - a +0 hand axe (weapon)
Armour
 k - a scarf of repulsion (worn)
 r - a +0 plate armour (worn)
Jewellery
 A - a +3 ring of dexterity (left hand)
 C - a ring of protection from magic (right hand)
 D - an amulet of the acrobat (around neck)
Wands
 m - a wand of flame (60)
 x - a wand of clouds (6)
 I - a wand of iceblast (10)
Scrolls
 d - 12 scrolls of identify {unknown}
 e - 5 scrolls of remove curse {unknown}
 g - 2 scrolls of immolation {unknown}
 l - 2 scrolls of fog {unknown}
 o - 3 scrolls of enchant armour {unknown}
 q - 2 scrolls of enchant weapon {unknown}
 w - a scroll of fear {unknown}
 y - 3 scrolls of teleportation {unknown}
 z - a scroll of blinking {unknown}
 E - 3 scrolls of amnesia {unknown}
 F - 2 scrolls of magic mapping {unknown}
 H - a scroll of vulnerability {unknown}
Potions
 b - a potion of magic {unknown}
 f - 2 potions of mutation {unknown}
 h - 5 potions of curing {unknown}
 i - a potion of degeneration {unknown}
 j - 3 potions of invisibility {unknown}
 n - 2 potions of agility {unknown}
 p - 2 potions of brilliance {unknown}
 s - 2 potions of lignification {unknown}
 t - 2 potions of flight {unknown}
 u - a potion of cancellation {unknown}
 v - a potion of ambrosia {unknown}
 B - a potion of resistance {unknown}
 G - a potion of haste {unknown}
Comestibles
 c - 10 rations


   Skills:
 + Level 6.0 Fighting
 + Level 8.1 Axes
 + Level 5.3 Armour
 + Level 3.0 Dodging
 + Level 1.3 Stealth


You had 8 spell levels left.
You didn't know any spells.
Your spell library was empty.

Dungeon Overview and Level Annotations

Branches:
Dungeon (7/15)             Temple (1/1) D:5

Altars:
Elyvilon
Makhleb
Vehumet


Innate Abilities, Weirdness & Mutations

You are resistant to torment.
Your stone body is resilient. (AC +6)
You are immune to poison.
You resist negative energy. (rN+)
You are resistant to electric shocks. (rElec)
You can survive without breathing.
You are immune to petrification.
You are immune to rotting.


Message History

You hit the orc warrior.
The orc warrior is lightly wounded.
You hit the orc warrior but do no damage.
The orc warrior is lightly wounded.
The orc warrior hits you with a battleaxe.
You hit the orc warrior.
The orc warrior is lightly wounded.
Your plate armour prevents you from hitting the orc warrior.
The orc warrior is lightly wounded.
You are no longer berserk.
You are exhausted.
You feel yourself slow down.
The orc warrior hits you but does no damage.
You hit the orc warrior.
The orc warrior is moderately wounded.
The orc warrior hits you but does no damage.
You hit the orc warrior.
The orc warrior is moderately wounded.
The orc warrior hits you with a battleaxe!!
You die...

#.................
#.................
##.................
#.(................
#..................
#>......[.:.
##.........
#........ #@.......
#..)o†......
##.#........
##.........
#........ #........
......... #.[......


You could see an orc warrior.

Vanquished Creatures
  A hungry ghost (D:4)
  Edmund (D:6)
  A black bear (D:6)
  An orc warrior (D:6)
  A sky beast (D:7)
  A centaur (D:6)
  A bullfrog (D:6)
  A scorpion (D:5)
  A howler monkey (D:6)
  3 crimson imps
  5 hounds
  3 orc priests
  An iguana (D:6)
  Jessica (D:3)
  Natasha (thrice) (D:2)
  Terence (D:2)
  3 orc wizards
  A worker ant (D:7)
  3 hound skeletons
  2 worker ant zombies
  A howler monkey skeleton (D:5)
  9 adders
  A shadow imp (D:5)
  2 oozes
  An adder skeleton (D:4)
  4 worms
  4 dart slugs
  2 leopard geckos
  24 orcs
  2 ball pythons (D:4)
  7 giant cockroaches
  5 goblins
  14 hobgoblins
  11 jackals
  2 quokkas
  7 bats
  A frilled lizard (D:1)
  6 kobolds
  A leopard gecko skeleton (D:4)
  A quokka zombie (D:7)
  3 rats
143 creatures vanquished.

Notes
Turn   | Place    | Note
-------+----------+-------------------------------------------
     0 | D:1      | Fang the Gargoyle Berserker began the quest for the Orb.
     0 | D:1      | Reached XP level 1. HP: 14/14 MP: 1/1
    92 | D:1      | Reached XP level 2. HP: 14/19 MP: 2/2
   424 | D:1      | Reached skill level 3 in Axes
   808 | D:1      | Reached XP level 3. HP: 21/24 MP: 3/3
  1199 | D:2      | Reached XP level 4. HP: 15/29 MP: 4/4
  1624 | D:2      | Noticed Natasha
  1637 | D:2      | Killed Natasha
  1637 | D:2      | Reached ** piety under Trog
  1801 | D:2      | Reached skill level 4 in Axes
  1801 | D:2      | Reached XP level 5. HP: 21/33 MP: 5/5
  1842 | D:2      | Noticed Terence
  1859 | D:2      | Killed Terence
  1969 | D:2      | Noticed Natasha
  1981 | D:2      | Killed Natasha
  2226 | D:2      | Noticed Natasha
  2237 | D:2      | Killed Natasha
  2347 | D:3      | Noticed Jessica
  2356 | D:3      | Killed Jessica
  2356 | D:3      | Reached skill level 1 in Stealth
  2356 | D:3      | Reached XP level 6. HP: 32/39 MP: 6/6
  2864 | D:3      | Reached *** piety under Trog
  3015 | D:3      | Reached skill level 5 in Axes
  3563 | D:4      | Noticed a hungry ghost
  3580 | D:4      | Killed a hungry ghost
  3580 | D:4      | Reached skill level 5 in Fighting
  3580 | D:4      | Reached XP level 7. HP: 44/44 MP: 7/7
  4356 | D:5      | Entered Level 5 of the Dungeon
  4473 | D:5      | Found a staircase to the Ecumenical Temple.
  4611 | Temple   | Entered the Ecumenical Temple
  4839 | D:5      | Reached skill level 6 in Axes
  4918 | D:5      | Found a radiant altar of Vehumet.
  4919 | D:5      | Found a burning altar of Makhleb.
  5099 | D:5      | Found a white marble altar of Elyvilon.
  5134 | D:6      | Reached XP level 8. HP: 40/49 MP: 8/8
  5269 | D:6      | Reached skill level 7 in Axes
  5281 | D:6      | Reached **** piety under Trog
  5845 | D:6      | Noticed Edmund
  5868 | D:6      | Killed Edmund
  6058 | D:6      | Reached skill level 5 in Armour
  6199 | D:7      | Reached skill level 8 in Axes
  6204 | D:7      | Reached XP level 9. HP: 33/55 MP: 9/9
  6210 | D:7      | Slain by an orc warrior

Skill      XL: |  1  2  3  4  5  6  7  8 |
---------------+-------------------------+-----
Axes           | 3 4 5 6 8 |  8.1
Dodging        | 2 3 |  3.0
Fighting       | 4 5 6 |  6.0
Stealth        | 1 |  1.3
Armour         | 4 5 |  5.3

Action                   |  1- 3 |  4- 6 |  7- 9 || total
-------------------------+-------+-------+-------++-------
Melee: Hand axe          |    98 |   293 |   351 ||   742
Invok: Berserk           |     2 |     6 |     3 ||    11
 Stab: Sleeping          |       |     2 |       ||     2
  Eat: Chunk             |     1 |    14 |    10 ||    25
       Ration            |       |       |     1 ||     1
Armor: Animal skin       |    44 |    57 |       ||   101
       Plate armour      |       |   159 |   204 ||   363
Dodge: Dodged            |    58 |   138 |   145 ||   341
       Deflected         |       |     2 |     2 ||     4
